 Dungeon Crawl Stone Soup version 0.29.1-12-g30fa7ad0bf (webtiles) character file.

Game seed: 17709959584758655099

280 Gabide the Ruffian (level 6, 0/48 HPs)
             Began as a Mummy Berserker on Dec 28, 2022.
             Was a Believer of Trog.
             Slain by a mummy (16 damage)
             ... in an ossuary.
             The game lasted 00:06:40 (3987 turns).

Gabide the Ruffian (Mummy Berserker)                Turns: 3987, Time: 00:06:41

Health: 0/48       AC:  5    Str: 22    XL:     6   Next: 5%
Magic:  6/6        EV: 11    Int:  3    God:    Trog [**....]
Gold:   154        SH:  0    Dex: 12    Spells: 5/5 levels left

rFire   x . .      SeeInvis +   g - +3 whip "Ryfil" {spect, rPois Int-3 SInv}
rCold   + . .      Faith    .   (no shield)
rNeg    + + +      Spirit   .   e - +0 ring mail
rPois   ∞          Reflect  .   (no helmet)
rElec   .          Harm     .   (no cloak)
rCorr   .          Rampage  .   (no gloves)
Will    .....                   (no boots)
Stlth   +.........              (no amulet)
HPRegen 0.16/turn               (no ring)
MPRegen 0.10/turn               (no ring)

@: marked
A: cold resistance 1, negative energy resistance 3, torment resistance 2, heat
vulnerability 1, in touch with death 1, no potions
a: Renounce Religion, Trog's Hand


You were in an ossuary.
You worshipped Trog.
Trog was pleased with you.
You visited 1 branch of the dungeon, and saw 4 of its levels.
You also visited: Ossuary.

You collected 154 gold pieces.

Inventory:

Hand Weapons
 g - the +3 whip "Ryfil" (weapon) {spect, rPois Int-3 SInv}
   (You found it on level 2 of the Dungeon)

   When its wielder attacks, the weapon's spirit leaps out and strikes again.
   The spirit shares a part of any damage it takes with its wielder.
   Int:       It affects your intelligence (-3).
   rPois:     It protects you from poison.
   SInv:      It lets you see invisible.
Missiles
 a - 21 poisoned darts (quivered)
 c - 18 stones
Armour
 e - a +0 ring mail (worn)
Scrolls
 b - 2 scrolls of butterflies
 d - 2 scrolls of identify
 f - a scroll of magic mapping
 h - a scroll of fear {unknown}


   Skills:
 + Level 4.2 Fighting
 - Level 1.5 Armour
 + Level 3.0 Dodging
 * Level 4.3 Unarmed Combat


You had 5 spell levels left.
You didn't know any spells.
Your spell library was empty.

Dungeon Overview and Level Annotations

Branches:
Dungeon (4/15)            Ossuary (1/1)
 Temple: D:4-7

Altars:
Gozag

Shops:
D:1 *

Annotations:
D:3 Zippel's ghost, novice GnFi


Innate Abilities, Weirdness & Mutations

You are immune to poison.
Your flesh is cold resistant. (rC+)
You are immune to negative energy. (rN+++)
You are immune to unholy pain and torment.
You are vulnerable to heat. (rF-)
You are in touch with the powers of death.
You do not drink.


Message History

You swap places.
You see here a scroll of immolation.
You open the door.
An orc zombie comes into view.
You barely miss the orc zombie.
Your +3 whip "Ryfil" {spect, rPois Int-3 SInv} hits the orc zombie!
You destroy the orc zombie!
Trog accepts your kill.
No target in view!
You swap places.
A mummy comes into view.
The mummy pulls the alarm!
The alarm trap emits a blaring wail!
A sentinel's mark forms upon you.
Found a scroll labelled WICIJUGAMN and a grey potion.
Found a potion of degeneration.
The mummy hits you!
You hit the mummy but do no damage.
Your +3 whip "Ryfil" {spect, rPois Int-3 SInv} hits the mummy.
You hit the mummy.
The mummy is heavily damaged.
Your +3 whip "Ryfil" {spect, rPois Int-3 SInv} hits the mummy.
The mummy completely misses you.
You hit the mummy but do no damage.
The mummy is severely damaged.
Your +3 whip "Ryfil" {spect, rPois Int-3 SInv} hits the mummy!
A mummy comes into view.
The mummy closely misses you.
You hit the mummy.
You destroy the mummy!
Trog accepts your kill.
Your Dodging skill increases to level 3!
A mummy comes into view.
There is an open door here.
The mummy hits you!!
You hit the mummy.
The mummy is moderately damaged.
Your +3 whip "Ryfil" {spect, rPois Int-3 SInv} hits the mummy.
The mummy hits you!
You die...

##### #.!!# #???#
# ##.## ###'###
#.### ##...M.##
##.'.#
##.......###..###
#.......M@#...'.#
+....⌠...('...###
#.........#..^+
##.......###..#
##.....## ##.+
###'### #.# #.#
#.# ##.## .?!
#.∩.# !?!


You could see 2 mummies and a friendly +3 whip "Ryfil" {spect, rPois Int-3 SInv}
(summoned).

Vanquished Creatures
  A scorpion (D:4)
  Natasha (thrice) (D:2 D:1)
  2 mummies
  4 adders (D:3)
  A river rat (D:3)
  A worm (D:3)
  2 dart slugs
  7 endoplasms
  3 giant cockroaches
  3 goblins
  9 hobgoblins
  4 jackals (D:1)
  2 quokkas
  8 ball pythons
  5 bats
  5 frilled lizards
  A hobgoblin zombie (Ossuary)
  8 kobolds
  An orc zombie (Ossuary)
  5 rats
  A spectral kobold (D:2)
76 creatures vanquished.

Notes
Turn   | Place    | Note
-------+----------+-------------------------------------------
     0 | D:1      | Gabide the Mummy Berserker began the quest for the Orb.
     0 | D:1      | Reached XP level 1. HP: 18/18 MP: 1/1
   182 | D:1      | Reached XP level 2. HP: 6/24 MP: 2/2
   792 | D:1      | Found Omuoph's General Store.
  1544 | D:2      | Gained mutation: You are in touch with the powers of death.
                  | [Mummy growth]
  1544 | D:2      | Reached XP level 3. HP: 26/29 MP: 3/3
  1709 | D:2      | Noticed Natasha
  1911 | D:2      | Found a faded altar of an unknown god.
  1930 | D:2      | Killed Natasha
  1984 | D:2      | Noticed Natasha
  1995 | D:1      | Killed Natasha
  1995 | D:1      | Reached ** piety under Trog
  1996 | D:1      | Reached XP level 4. HP: 11/36 MP: 4/4
  2224 | D:1      | Noticed Natasha
  2238 | D:1      | Killed Natasha
  2328 | D:2      | Found an opulent altar of Gozag.
  2909 | D:2      | Identified the +3 whip "Ryfil" {spect, rPois Int-3 SInv}
  3022 | D:3      | Reached XP level 5. HP: 42/42 MP: 5/5
  3126 | D:3      | Found a runed translucent door.
  3127 | D:3      | Noticed Zippel's ghost (novice GnFi)
  3857 | D:4      | Found a sand-covered staircase.
  3863 | D:4      | Reached XP level 6. HP: 34/48 MP: 6/6
  3868 | Ossuary  | Entered an ossuary
  3987 | Ossuary  | Slain by a mummy

Illustrated notes

Levels and vault maps discovered:
D:1:      nzn_arrival_settlement, layout_basic, serial_shops,
          nicolae_diamond_shop
D:2:      layout_basic, dreamdust_ecumenical_altar_drowned_temple, basic_altar,
          uniq_natasha
D:3:      layout_basic, minitemple, ebering_ghost_sewer_f,
          minmay_splitting_lines
D:4:      layout_loops_ring, gup_ossuary_entry_pyramid,
          dilly_guarded_unrand_morg
Ossuary:  ossuary_crypta

Skill      XL: |  1  2  3  4  5  6 |
---------------+-------------------+-----
Unarmed Combat | 3 4 |  4.3
Dodging        | 2 3 |  3.0
Fighting       | 4 |  4.2
Armour         | |  1.5

Action                   |  1- 3 |  4- 6 || total
-------------------------+-------+-------++-------
Melee: Unarmed           |   128 |    50 ||   178
       Punch             |     2 |     5 ||     7
       Whip              |       |    63 ||    63
Throw: Stone             |     5 |       ||     5
       Dart              |    10 |     4 ||    14
Invok: Trog's Hand       |       |     1 ||     1
  Use: Scroll            |       |     3 ||     3
Armor: Animal skin       |     9 |       ||     9
       Ring mail         |    19 |    35 ||    54
Dodge: Dodged            |    79 |    64 ||   143
